 Dungeon Crawl Stone Soup version 0.23.0-2-g0fe3ce5 (webtiles) character file.

Game seed: 16776144932959719904

28 Semilg the Magician (level 2, -2/26 HPs)
             Began as a Troll Wizard on Feb 19, 2019.
             Slain by Terence
             ... wielding a +0 trident
              (7 damage)
             ... on level 2 of the Dungeon.
             The game lasted 00:08:27 (977 turns).

Semilg the Magician (Troll Wizard)                   Turns: 977, Time: 00:08:28

Health: -2/26      AC:  6    Str: 14    XL:     2   Next: 96%
Magic:  0/4        EV: 10    Int: 14    God:
Gold:   42         SH:  0    Dex:  8    Spells: 0/5 levels left

rFire    . . .     SeeInvis .   f - +0 short sword
rCold    . . .     Gourm    +   (no shield)
rNeg     . . .     Faith    .   a - +0 robe
rPois    .         Spirit   .   b - +0 hat
rElec    .         Reflect  .   (no cloak)
rCorr    .         Harm     .   (gloves unavailable)
MR       .....                  (boots unavailable)
Stlth    +.........             (no amulet)
HPRegen  0.48/turn              (no ring)
MPRegen  0.09/turn              (no ring)

@: no status effects
A: large, unfitting armour, claws 3, fast metabolism 3, gourmand, regeneration
1, shaggy fur 1, tough skin 3
a: no special abilities


You were on level 2 of the Dungeon.
You were not hungry.

You visited 1 branch of the dungeon, and saw 2 of its levels.

You collected 42 gold pieces.

Inventory:

Hand Weapons
 e - a +0 club
 f - a +0 short sword (weapon)
Armour
 a - a +0 robe (worn)
 b - a +0 hat (worn)
Scrolls
 g - a scroll of fog {unknown}
 h - a scroll of identify {unknown}
 j - a scroll of fear {unknown}
 l - 2 scrolls of teleportation {unknown}
Potions
 i - a potion of agility {unknown}
 k - a potion of curing {unknown}
 m - a potion of resistance {unknown}
Comestibles
 d - 3 rations


   Skills:
 * Level 0.5 Fighting
 + Level 0.1 Short Blades
 * Level 0.5 Maces & Flails
 + Level 0.1 Throwing
 - Level 1.7 Dodging
 + Level 1.0 Stealth
 + Level 2.3 Spellcasting
 - Level 0.6 Conjurations
 + Level 0.6 Summonings
 + Level 0.6 Translocations


You couldn't memorise any spells.
You knew the following spells:

 Your Spells              Type           Power        Failure   Level  Hunger
a - Magic Dart            Conj           #...         19%         1    #......
b - Call Imp              Summ           #.......     26%         2    ###....
c - Blink                 Tloc           N/A          26%         2    ###....

Your spell library contained the following spells:

 Spells                   Type           Power        Failure   Level  Hunger
 Slow                     Hex            #.......     34%         2    ###....
 Conjure Flame            Conj/Fire      #.......     52%         3    ###....
 Mephitic Cloud           Conj/Pois/Air  #.......     54%         3    ###....


Dungeon Overview and Level Annotations

Branches:
Dungeon (2/15)

Altars:

Annotations:
D:2 Terence


Innate Abilities, Weirdness & Mutations

You are too large for most types of armour.
You have claws for hands.
Your metabolism is lightning-fast.
You like to eat raw meat.
Your natural rate of healing is unusually fast.
You are covered in fur. (AC +1)
You have extremely tough skin. (AC +3)


Message History

You hit Terence.
Terence is moderately wounded.
Terence hits you with a +0 trident.
* * * LOW HITPOINT WARNING * * *
You hit Terence but do no damage.
Terence is moderately wounded.
Terence hits you but does no damage.
You are too injured to fight recklessly!
You are too injured to fight recklessly!
You are too injured to fight recklessly!
You are too injured to fight recklessly!
You are too injured to fight recklessly!
You are too injured to fight recklessly!
You are too injured to fight recklessly!
You are too injured to fight recklessly!
You are too injured to fight recklessly!
You are too injured to fight recklessly!
You are too injured to fight recklessly!
Terence hits you from afar with a +0 trident!
You die...

..# ... #.# .#.
#.# .. #.# .. #.#
#. #.####.## #.
#........
#.########<.#
#.(@†@†.....#
#.########.......
#. ##.##### #@ .#
.. .. #. ... #.
.... #. ###


You could see Terence.

Vanquished Creatures
  A worm (D:2)
  2 dart slugs (D:1)
  4 goblins (D:1)
  2 hobgoblins (D:1)
  6 kobolds
  4 bats (D:1)
  A rat (D:1)
20 creatures vanquished.

Notes
Turn   | Place    | Note
-------+----------+-------------------------------------------
     0 | D:1      | Semilg the Troll Wizard began the quest for the Orb.
     0 | D:1      | Reached XP level 1. HP: 16/16 MP: 2/2
   144 | D:1      | Reached XP level 2. HP: 24/24 MP: 0/4
   154 | D:1      | Learned a level 2 spell: Call Imp
   157 | D:1      | Learned a level 2 spell: Blink
   964 | D:2      | Noticed Terence
   977 | D:2      | Slain by Terence

Action                   || total
-------------------------++-------
Melee: Unarmed           ||     7
       Club              ||    35
       Short sword       ||    19
Throw: Tomahawk          ||    12
 Cast: Magic Dart        ||    32
  Eat: Chunk             ||     7
Armor: Robe              ||    35
Dodge: Dodged            ||    59
